 Dungeon Crawl Stone Soup version 0.30-a0-715-gdb4ae3ece1 (webtiles) character file.

Game seed: 14503603552955777419

1209 Shayle the Trooper (level 8, -2/91 HPs)
             Began as a Demonspawn Reaver on Jan 24, 2023.
             Was an Initiate of Ashenzari.
             Slain by a troll (9 damage)
             ... on level 5 of the Dungeon.
             The game lasted 00:11:21 (4331 turns).

Shayle the Trooper (Demonspawn Reaver)              Turns: 4331, Time: 00:11:21

Health: -2/91      AC: 11    Str: 18    XL:     8   Next: 22%
Magic:  11/11      EV: 12    Int: 18    God:    Ashenzari [......]
Gold:   242        SH:  9    Dex: 11    Spells: 4/11 levels left

rFire   + . .      SeeInvis .    a - +0 spear
rCold   . . .      Faith    .    (no shield)
rNeg    . . .      Spirit   .    d - +2 ring mail {rF+}
rPois   +          Reflect  +    (no helmet)
rElec   .          Harm     .    v - +0 cloak
rCorr   .          Rampage  .    (no gloves)
Will    .....                    w - +0 pair of boots Stlth
                                 h - amulet of reflection
HPRegen 0.35/turn                c - +6 ring of strength
MPRegen 0.12/turn                j - ring of poison resistance

@: berserking, very quick
A: claws 1, icy blue scales 1, spiny 1, condensation shield
a: Renounce Religion


You were on level 5 of the Dungeon.
You worshipped Ashenzari.
Ashenzari was noncommittal.
You visited 1 branch of the dungeon, and saw 5 of its levels.

You collected 242 gold pieces.

Inventory:

Hand Weapons
 a - a +0 spear (weapon)
Missiles
 g - 2 poisoned darts
Armour
 b - a +0 leather armour
 d - a +2 ring mail of fire resistance (worn)
 m - a +0 kite shield
 v - a +0 cloak (worn)
 w - a +0 pair of boots (worn)
Jewellery
 c - a +6 ring of strength (left claw)
 f - a +6 ring of intelligence
 h - an amulet of reflection (around neck)
 j - a ring of poison resistance (right claw)
Wands
 e - a wand of light (10)
 u - a wand of iceblast (3)
Potions
 k - a potion of attraction
 l - a potion of lignification {unknown}
 o - a potion of degeneration {unknown}
 p - a potion of haste
 t - a potion of brilliance {unknown}


   Skills:
 + Level 4.5 Fighting
 - Level 2.6 Polearms
 + Level 4.2 Dodging
 + Level 3.9 Stealth
 - Level 2.0 Spellcasting
 + Level 3.8 Conjurations
 + Level 4.1 Hexes
 + Level 1.8 Ice Magic
 + Level 1.8 Air Magic
 + Level 2.1 Poison Magic


You had 4 spell levels left.
You knew the following spells:

 Your Spells              Type           Power      Damage    Failure   Level
a - Kiss of Death         Conj/Necr      32%        2d7       14%         1
b - Hailstorm             Conj/Ice       12%        3d5       30%         3
c - Mephitic Cloud        Conj/Pois/Air  11%        N/A       32%         3

Your spell library contained the following spells:

 Spells                   Type           Power      Damage    Failure   Level
 Magic Dart               Conj           60%        1d6       7%          1
 Momentum Strike          Conj/Tloc      16%        3d8       22%         2
 Call Imp                 Summ           1%         N/A       43%         2


Dungeon Overview and Level Annotations

Branches:
Dungeon (5/15)
 Temple: D:4-7

Altars:
Ashenzari
Kikubaaqudgha
Makhleb
Qazlal
Sif Muna
Vehumet
Yredelemnul


Innate Abilities, Weirdness & Mutations

You have sharp fingernails.
You are partially covered in icy blue scales. (AC +2)
You are partially covered in sharp spines.
A meltable shield of frost defends you. (SH +4)


Message History

Keep disrobing?
You stop removing your armour.
The troll claws you. The troll claws you!
You hit the troll but do no damage.
The troll is moderately wounded.
You block the troll's attack. The troll completely misses you.
The troll claws you but does no damage.
You hit the troll.
The troll is moderately wounded.
You block the troll's attack. The troll claws you!
The troll completely misses you.
You hit the troll but do no damage.
The troll is moderately wounded.
The troll is struck by your spines. The troll bites you.
The troll claws you but does no damage. The troll claws you!
You closely miss the troll.
The troll is moderately wounded.
The troll is struck by your spines. The troll bites you!
* * * LOW HITPOINT WARNING * * *
You block the troll's attack. The troll claws you but does no damage.
A red film seems to cover your vision as you go berserk!
You feel yourself moving faster!
You feel mighty! The troll is struck by your spines.
The troll barely misses you. The troll misses you.
The troll claws you but does no damage.
You barely miss the troll.
The troll is heavily wounded.
You puncture the troll!
The troll is severely wounded.
You block the troll's attack. The troll claws you but does no damage.
The troll closely misses you.
You hit the troll.
The troll is almost dead.
The troll bites you.
* * * LOW HITPOINT WARNING * * *
The troll claws you but does no damage. You block the troll's attack.
You hit the troll.
The troll is almost dead.
You barely miss the troll.
The troll is almost dead.
You block the troll's attack. The troll barely misses you. The troll claws you!
You die...

#.# #...#......÷.S......
#.######.###..##.######....
#.##..........##.##........
#.######.#.†..##.##........
#.# #.#.#..##.##........
#.# #.#.#...#.##........
#.# #.#.#.#.#...........
#.# #.#T#.#.#...........
#.# #..@.........###+###
##.######.....#.##.......
#................+........
#########.#####.##........
#.......##........
##########........
#........ .#####.


You could see a troll.

Vanquished Creatures
  Grinder (D:3)
  Sigmund (D:4)
  An ogre (D:5)
  A centaur (D:3)
  A scorpion (D:5)
  A vampire bat (D:4)
  A hound (D:5)
  A jelly (D:4)
  2 orc priests (D:4)
  5 iguanas
  4 orc wizards
  Natasha (thrice) (D:4)
  4 gnolls
  2 adders
  A white imp (D:4)
  2 worms
  3 dart slugs
  14 orcs
  A bat skeleton (D:4)
  4 bat zombies (D:4)
  5 endoplasms
  2 giant cockroaches
  7 goblins
  6 hobgoblins
  2 jackals (D:4)
  10 kobolds
  4 quokkas
  10 ball pythons
  8 bats
  2 frilled lizards (D:2)
  5 rats
114 creatures vanquished.

Notes
Turn   | Place    | Note
-------+----------+-------------------------------------------
     0 | D:1      | Shayle the Demonspawn Reaver began the quest for the Orb.
     0 | D:1      | Reached XP level 1. HP: 16/16 MP: 3/3
   210 | D:1      | Gained mutation: You are partially covered in sharp spines.
                  | [demonic ancestry]
   210 | D:1      | Reached XP level 2. HP: 22/22 MP: 5/5
   254 | D:1      | Reached skill level 1 in Hexes
   410 | D:1      | Reached skill level 1 in Stealth
   501 | D:1      | Gained mutation: A meltable shield of frost defends you.
                  | (SH +4) [demonic ancestry]
   501 | D:1      | Reached XP level 3. HP: 28/28 MP: 6/6
  1072 | D:2      | Reached XP level 4. HP: 11/34 MP: 7/7
  1937 | D:3      | Found a shimmering blue altar of Sif Muna.
  1965 | D:3      | Reached XP level 5. HP: 24/41 MP: 8/8
  2129 | D:3      | Noticed a centaur
  2147 | D:3      | Killed a centaur
  2324 | D:3      | Found a faded altar of an unknown god.
  2325 | D:3      | Noticed a shining eye
  2335 | D:3      | Noticed an eye of devastation
  2339 | D:3      | Noticed a great orb of eyes
  2345 | D:3      | Noticed a shining eye
  2391 | D:3      | Learned a level 3 spell: Hailstorm
  2444 | D:3      | Found a stormy altar of Qazlal.
  2630 | D:3      | Found a radiant altar of Vehumet.
  2643 | D:3      | Gained mutation: You are partially covered in icy blue
                  | scales. (AC +2) [demonic ancestry]
  2643 | D:3      | Reached XP level 6. HP: 41/47 MP: 9/9
  2862 | D:4      | Noticed Natasha
  2876 | D:4      | Killed Natasha
  2885 | D:4      | Noticed Natasha
  2891 | D:4      | Killed Natasha
  2961 | D:4      | Noticed Natasha
  2964 | D:4      | Noticed Grinder
  3016 | D:4      | Killed Natasha
  3030 | D:3      | Learned a level 3 spell: Mephitic Cloud
  3076 | D:3      | Killed Grinder
  3077 | D:3      | Gained mutation: You have sharp fingernails. [demonic
                  | ancestry]
  3077 | D:3      | Reached XP level 7. HP: 52/54 MP: 10/10
  3125 | D:4      | Reached skill level 1 in Poison Magic
  3191 | D:4      | Reached skill level 1 in Ice Magic
  3191 | D:4      | Reached skill level 1 in Air Magic
  3299 | D:4      | Found an ancient bone altar of Kikubaaqudgha.
  3512 | D:4      | Found a basalt altar of Yredelemnul.
  3542 | D:4      | Found a broken altar of Ashenzari.
  3568 | D:4      | Became a worshipper of Ashenzari the Shackled
  3648 | D:5      | Entered Level 5 of the Dungeon
  3761 | D:4      | Noticed Sigmund
  3792 | D:4      | Killed Sigmund
  3826 | D:4      | Found a burning altar of Makhleb.
  3828 | D:4      | Noticed a balrug
  3919 | D:5      | Reached XP level 8. HP: 33/61 MP: 11/11
  4162 | D:5      | Noticed a troll
  4331 | D:5      | Slain by a troll

Illustrated notes

Levels and vault maps discovered:
D:1:      scummos_arrival_gate, layout_basic
D:2:      layout_loops_corners, hex_large, minmay_hexomino_c4
D:3:      layout_rooms, kennysheep_orc_sif_temple, marbit_many_paths,
          nicolae_qazlal_eye_of_the_storm,
          hellmonk_ecumenical_altar_watching_god, serial_bayou_pond_e,
          nicolae_concentric_dashed_squares_wild
D:4:      layout_gridville, mainiacjoe_overflow_cross_hatched,
          mainiacjoe_overflow_24_doors, mainiacjoe_overflow_brackets,
          kennysheep_vampire_church, makhleb_altar_promises_db,
          cheibrodos_ashenzari_chains, minivault_19, uniq_grinder, uniq_natasha,
          uniq_sigmund
D:5:      cheibrodos_fzero, layout_basic, nicolae_wormholes

Skill      XL: |  1  2  3  4  5  6  7  8 |
---------------+-------------------------+-----
Dodging        | 2 3 4 |  4.2
Hexes          | 1 2 3 4 |  4.1
Stealth        | 1 2 3 |  3.9
Fighting       | 3 4 |  4.5
Poison Magic   | 1 2 |  2.1
Ice Magic      | 1 |  1.8
Air Magic      | 1 |  1.8
Polearms       | |  2.6
Spellcasting   | |  2.0
Conjurations   | |  3.8

Action                     |  1- 3 |  4- 6 |  7- 9 || total
---------------------------+-------+-------+-------++-------
  Melee: Spear             |    90 |   188 |   139 ||   417
         Punch             |     1 |     3 |     1 ||     5
  Evoke: Wand              |       |     3 |       ||     3
    Use: Scroll            |       |    11 |     1 ||    12
         Potion            |       |     3 |     1 ||     4
   Stab: Sleeping          |       |     1 |     1 ||     2
 Armour: Leather armour    |     2 |       |       ||     2
         Ring mail         |    15 |    63 |    34 ||   112
  Dodge: Dodged            |    39 |    71 |    71 ||   181
  Block: Other             |     7 |    65 |    66 ||   138
         Reflection        |       |     1 |     1 ||     2

Table legend: (Time is in decaauts)
 A = Elapsed time spent in this place.
 B = Non-inter-level travel time spent in this place.
 C = Inter-level travel time spent in this place.
 D = Time resting spent in this place.
 E = Time spent auto-exploring this place.
 F = Levels seen in this place.
 G = Mean time per level.
                   A        B        C        D        E       F      G
               +--------+--------+--------+--------+--------+-----+--------+
         Total |   4322 |   4095 |    227 |    186 |   2605 |   5 |  864.4 |
       Dungeon |   4322 |   4095 |    227 |    186 |   2605 |   5 |  864.4 |
               +--------+--------+--------+--------+--------+-----+--------+

Top non-repeatable levels by time:
     D:4: 1069 daAuts
     D:2: 1011 daAuts
     D:3: 921 daAuts
     D:1: 867 daAuts
     D:5: 452 daAuts
